[Event "Late-Titled-Tuesday-Blitz-April-30-2024"]
[Site "Chess.com"]
[Date "2024.04.30"]
[Round "2"]
[White "ozates"]
[Black "WoodlandMagic"]
[Result "1-0"]
[WhiteElo "2597"]
[BlackElo "2864"]
[TimeControl "180+1"]
[EndTime "14:16:46 PDT"]
[Termination "ozates won by resignation"]

1. e4 c5 2. Nf3 Nc6 3. Bb5 g6 4.
Bxc6 bxc6 5. d4 cxd4 6. Qxd4 Nf6 7. c4 d6 8. e5 c5 9. Qd2 Ng4 10. O-O Nxe5 11. Nxe5 dxe5 12. Qxd8+ Kxd8 13. Be3 e6 14. Nc3 Bd7 15. Ne4 Bc6 16. Nxc5 Kc7 17. b4 Be7 18. b5 Bb7 19. a4 Bc8 20. a5 Rd8 21. Rfb1 f5 22.
b6+ Kc6 23. b7 Bxb7 24. Nxb7 f4 25. Nxd8+ 1-0

[Event "Late-Titled-Tuesday-Blitz-April-30-2024"]
[Site "Chess.com"]
[Date "2024.04.30"]
[Round "2"]
[White "Darkbluelord"]
[Black "stasOR4ik"]
[Result "1-0"]
[WhiteElo "2179"]
[BlackElo "2456"]
[TimeControl "180+1"]
[EndTime "14:16:51 PDT"]
[Termination "Darkbluelord won by resignation"]

1. e4 c6 2. d4 d5 3. f3 dxe4 4. fxe4 e5 5. Nf3 Bg4 6. Bc4 Nd7 7. O-O Ngf6 8. c3 b5 9. Bb3 Bd6 10.
Bg5 h6 11. Bh4 g5 12. Bg3 Qe7 13. Nbd2 Nh5 14. Qe1 Nxg3 15. Qxg3 h5 16. d5 c5 17.
Bd1 O-O-O 18. h3 Bxf3 19. Nxf3 g4 20. Nh4 c4 21. Nf5 Bc5+ 22. Kh1 Qg5 23. h4 Qg6 24. a4 Qb6 25. axb5 Qxb5 26. Be2 Qxb2 27. Bxc4 Nb6 28. Ba6+ Kb8 29. Rfb1 f6 30. Rxb2 1-0

[Event "Late-Titled-Tuesday-Blitz-April-30-2024"]
[Site "Chess.com"]
[Date "2024.04.30"]
[Round "2"]
[White "Hudijegszid"]
[Black "prxcess_brownie"]
[Result "0-1"]
[WhiteElo "2447"]
[BlackElo "2200"]
[TimeControl "180+1"]
[EndTime "14:16:51 PDT"]
[Termination "prxcess_brownie won by resignation"]

1. Nf3 Nf6 2. d4 b6 3. g3 Bb7 4. Bg2 d5 5. O-O Nbd7 6. Nbd2 e6 7. b3 Bd6 8. Bb2 c5 9. c4 cxd4 10. Nxd4 O-O 11. e3 Nc5 12. Qe2 Rb8 13. Rac1 Qd7 14.
Rfd1 Rfd8 15. Nb5 Bf8 16. Be5 Ra8 17. cxd5 Nxd5 18. Bf4 Nxf4 19. exf4 Bxg2 20. Kxg2 Nd3 21. Nc3 Nxc1 22. Rxc1 Qxd2 23. Qf1 Rac8 24. Qa6 Qxc1 25. Nb5 Qc6+ 26. Kh3 Ra8 27. b4 Bxb4 28. Na3 Bxa3 29.
Qa4 Qxa4 0-1

[Event "Late-Titled-Tuesday-Blitz-April-30-2024"]
[Site "Chess.com"]
[Date "2024.04.30"]
[Round "2"]
[White "TatjanaVasilevich"]
[Black "Kostukov_Alex"]
[Result "1-0"]
[WhiteElo "2616"]
[BlackElo "2382"]
[TimeControl "180+1"]
[EndTime "14:16:52 PDT"]
[Termination "TatjanaVasilevich won on time"]

1. d4 g6 2. e4 c5 3. dxc5 Qa5+ 4. Bd2 Qxc5 5. Bc3 Nf6 6. Nd2 Bg7 7. h3 O-O 8. Ngf3 Nc6 9. Nb3 Qb6 10. e5 Ne4 11. Bd4 Nxd4 12. Qxd4 Qxd4 13. Nbxd4 d6 14. exd6 Nxd6 15.
O-O-O Ne4 16. Re1 f5 17. Bc4+ Kh8 18. Rhf1 e5 19. Ne6 Bxe6 20. Bxe6 Rfd8 21. c3 Rd6 22. Bb3 Rad8 23. Rd1 Rxd1+ 24. Bxd1 Bh6+ 25. Kb1 Nd2+ 26. Nxd2 Rxd2 27. Bc2 e4 28. g4 Kg7 29. a4 Kf6 30. f4 Rg2 31. g5+ Bxg5 32. fxg5+ Kxg5 33. Rd1 e3 34. Bd3 f4 35. Be4 Rf2 36. Rg1+ Kf6 37.
h4 1-0

[Event "Late-Titled-Tuesday-Blitz-April-30-2024"]
[Site "Chess.com"]
[Date "2024.04.30"]
[Round "2"]
[White "flubs"]
[Black "pirulillo"]
[Result "0-1"]
[WhiteElo "2502"]
[BlackElo "2318"]
[TimeControl "180+1"]
[EndTime "14:16:52 PDT"]
[Termination "pirulillo won by resignation"]

1. c4 Nf6 2. Nc3 g6 3. g3 Bg7 4. Bg2 O-O 5. Nf3 d6 6. O-O e5 7. d3 Nc6 8. Rb1 a5 9. a3 Be6 10. b4 axb4 11. axb4 Qd7 12. Re1 h6 13. Bd2 Bh3 14.
Bh1 Ng4 15. Nd5 Kh7 16. b5 Nd8 17. Qc2 Ne6 18. e3 f5 19. Bc3 Nc5 20. Nh4 e4 21.
dxe4 Bxc3 22. Qxc3 fxe4 23. Nf4 Ne5 24. Nxh3 Qxh3 25.
Bg2 Qe6 26. Qd4 Ned3 27. Rf1 g5 28. f3 gxh4 29. fxe4 Ne5 30. Rf4 hxg3 31. hxg3 Rg8 32. Kh2 Ra2 33. Rbf1 Qg6 34. g4 Nxg4+ 35. Kh1 Qh5+ 0-1

[Event "Late-Titled-Tuesday-Blitz-April-30-2024"]
[Site "Chess.com"]
[Date "2024.04.30"]
[Round "2"]
[White "GroovyKettle"]
[Black "Naoki"]
[Result "0-1"]
[WhiteElo "2936"]
[BlackElo "2622"]
[TimeControl "180+1"]
[EndTime "14:16:53 PDT"]
[Termination "Naoki won by resignation"]

1. e4 e5 2. Nf3 Nc6 3. Bb5 a6 4.
Ba4 Nf6 5. d3 b5 6. Bb3 Bc5 7. Nc3 d6 8. Nd5 h6 9. c3 Be6 10. Be3 Bxe3 11. Nxe3 d5 12. O-O O-O 13. Re1 Re8 14. a4 dxe4 15. axb5 exf3 16. bxc6 Bxb3 17. Qxb3 Qxd3 18. Rad1 Qg6 19. g3 h5 20. Qc4 Re6 21. b4 e4 22. Rd4 h4 23. Red1 hxg3 24. hxg3 Ng4 25. Nxg4 Qxg4 26. Re1 Qh3 27. Qf1 Qxf1+ 28. Kxf1 f5 29. Rc4 Rd8 30. Ra1 Rh6 31. Kg1 Kf7 0-1

[Event "Late-Titled-Tuesday-Blitz-April-30-2024"]
[Site "Chess.com"]
[Date "2024.04.30"]
[Round "2"]
[White "UK_23"]
[Black "TedBelanoff"]
[Result "1-0"]
[WhiteElo "2473"]
[BlackElo "2164"]
[TimeControl "180+1"]
[EndTime "14:16:53 PDT"]
[Termination "UK_23 won by resignation"]

1. e4 d5 2. exd5 Qxd5 3. h3 Nf6 4. Nc3 Qd6 5. d4 c6 6. Nf3 Bf5 7. g4 Bg6 8. Bg2 Nbd7 9. Nh4 e6 10. O-O Be7 11. Re1 Nb6 12. Nxg6 hxg6 13. Ne4 Nxe4 14. Rxe4 O-O-O 15. Bf4 Qb4 16. Rb1 Qa5 17. a3 Nd5 18.
Bd2 Qc7 19. c4 Nf6 20. Bf4 Qb6 21. Re1 Qxd4 22. Qf3 Qxc4 23. Rbc1 Qa6 24. b4 Bd6 25. Bd2 Bc7 26. Bc3 Qxa3 27. b5 Nd5 28. bxc6 bxc6 29. Qxf7 Nxc3 30. Qxe6+ Rd7 31. Qxc6 Qxc1 32. Qb7+ Kd8 33.
Qa8+ 1-0

[Event "Late-Titled-Tuesday-Blitz-April-30-2024"]
[Site "Chess.com"]
[Date "2024.04.30"]
[Round "2"]
[White "vanea_03"]
[Black "TheoSlade"]
[Result "1-0"]
[WhiteElo "2792"]
[BlackElo "2416"]
[TimeControl "180+1"]
[EndTime "14:16:55 PDT"]
[Termination "vanea_03 won on time"]

1. c4 e6 2. Nc3 d5 3. d4 a6 4.
cxd5 exd5 5. Bf4 Nf6 6. e3 c5 7. Bd3 c4 8. Bc2 Bb4 9. Ne2 O-O 10. O-O Nc6 11. a4 Re8 12. b3 Bg4 13. f3 Bh5 14. bxc4 dxc4 15. d5 Ne5 16. e4 Qb6+ 17. Kh1 Neg4 18.
fxg4 Nxg4 19. Rb1 a5 20. Qe1 Ne3 21. Qf2 Bxe2 22. Nxe2 1-0

[Event "Late-Titled-Tuesday-Blitz-April-30-2024"]
[Site "Chess.com"]
[Date "2024.04.30"]
[Round "2"]
[White "Adar_07"]
[Black "kaanadayhamle"]
[Result "1-0"]
[WhiteElo "2706"]
[BlackElo "2404"]
[TimeControl "180+1"]
[EndTime "14:16:55 PDT"]
[Termination "Adar_07 won by resignation"]

1. Nf3 g6 2. h4 h5 3. e4 c6 4. d4 d5 5. exd5 cxd5 6. c4 Nf6 7. Nc3 Bg7 8. cxd5 Nxd5 9. Bc4 Nxc3 10. bxc3 Nc6 11.
Ng5 e6 12. Rb1 a6 13. Be3 Ne7 14. g4 hxg4 15. Qxg4 Nf5 16. h5 b5 17. Qg2 Rb8 18. hxg6 Rxh1+ 19. Qxh1 fxg6 20. Qh7 Nxe3 21. Qxg6+ Kd7 22.
Qxg7+ Kc6 23. fxe3 Qa5 24. d5+ exd5 25. Qf6+ Kc5 26.
Qd4+ Kc6 27. Bxd5+ 1-0

[Event "Late-Titled-Tuesday-Blitz-April-30-2024"]
[Site "Chess.com"]
[Date "2024.04.30"]
[Round "2"]
[White "CarrotsandPizza"]
[Black "egnfanclub"]
[Result "1-0"]
[WhiteElo "2592"]
[BlackElo "2369"]
[TimeControl "180+1"]
[EndTime "14:16:56 PDT"]
[Termination "CarrotsandPizza won by resignation"]

1. e4 e5 2. Nf3 Nc6 3. Nc3 Nf6 4. d4 exd4 5. Nxd4 Bb4 6. Nxc6 bxc6 7. Bd3 d5 8. exd5 cxd5 9. O-O O-O 10. Bg5 c6 11.
Ne2 h6 12. Bh4 Be7 13. Nd4 c5 14. Nc6 Qc7 15. Nxe7+ Qxe7 16. Qf3 Be6 17. Rfe1 g5 18. Bg3 Rfe8 19. h4 Nd7 20. hxg5 Qxg5 21. Bf4 Qh4 22. Bb5 Red8 23. Bg3 Qf6 24. Qxf6 Nxf6 25. Bh4 Kg7 26. Re3 Ng4 27. Rg3 Rdb8 28. Be2 f5 29. f3 h5 30.
fxg4 hxg4 31. c4 d4 32. b3 Kg6 33. Rf1 Rh8 34. Be7 Rac8 35. Bd3 Rhe8 36. Bd6 Rcd8 37. Bxc5 1-0

[Event "Late-Titled-Tuesday-Blitz-April-30-2024"]
[Site "Chess.com"]
[Date "2024.04.30"]
[Round "2"]
[White "JustinWang1234"]
[Black "burritus"]
[Result "1-0"]
[WhiteElo "2993"]
[BlackElo "2427"]
[TimeControl "180+1"]
[EndTime "14:17:00 PDT"]
[Termination "JustinWang1234 won on time"]

1. e4 e6 2. d4 d5 3. Nc3 Nf6 4. e5 Nfd7 5. f4 c5 6. Nf3 Nc6 7. Be3 a6 8. Ne2 b5 9. a3 Qb6 10. c3 a5 11. g4 h5 12. gxh5 Ba6 13. f5 b4 14. axb4 axb4 15. fxe6 fxe6 16. Nf4 Nd8 17. Bd3 Bxd3 18. Rxa8 Be4 19. O-O Be7 20. Nd2 Bf5 21. Nxd5 Qb7 22. Qf3 bxc3 23. Nf6+ gxf6 24. Qxb7 Rg8+ 25.
Kf2 cxd2 26. Bxd2 fxe5 27. Ke1 Bg4 28. Qc7 Bh4+ 29. Rf2 exd4 30. Ba5 Bxf2+ 31. Kxf2 1-0

[Event "Late-Titled-Tuesday-Blitz-April-30-2024"]
[Site "Chess.com"]
[Date "2024.04.30"]
[Round "2"]
[White "Yerkinio"]
[Black "Firouzja2003"]
[Result "0-1"]
[WhiteElo "2657"]
[BlackElo "3147"]
[TimeControl "180+1"]
[EndTime "14:17:01 PDT"]
[Termination "Firouzja2003 won on time"]

1. e4 c5 2. Nf3 d6 3. d4 cxd4 4. Nxd4 Nf6 5. Nc3 a6 6. Bg5 e6 7. f4 Nbd7 8. Qe2 Qc7 9. O-O-O h6 10. Bh4 Be7 11. g4 Rg8 12. g5 Nh7 13. Nxe6 fxe6 14. Qh5+ g6 15. Qxh6 Nhf8 16. f5 Ne5 17. Bh3 Nf7 18.
f6 Nxh6 19. gxh6 Bd8 20. Rhf1 Kf7 21. e5 d5 22. Ne2 Qxe5 23. Nd4 Qh5 24. Nf3 Bxf6 25.
Bg4 Qxh6+ 26. Ng5+ Ke7 27. Rxf6 Qxh4 28. Rf7+ Ke8 0-1

[Event "Late-Titled-Tuesday-Blitz-April-30-2024"]
[Site "Chess.com"]
[Date "2024.04.30"]
[Round "2"]
[White "Brown_Mamba24"]
[Black "LyonBeast"]
[Result "0-1"]
[WhiteElo "2647"]
[BlackElo "3118"]
[TimeControl "180+1"]
[EndTime "14:17:02 PDT"]
[Termination "LyonBeast won by resignation"]

1. d4 Nf6 2. c4 e6 3. g3 c5 4.
d5 exd5 5. cxd5 d6 6. Nc3 g6 7. Bg5 Bg7 8. Qd2 Nbd7 9. Nf3 O-O 10. Bg2 Re8 11. O-O a6 12. a4 c4 13. Qd4 Qc7 14.
Qh4 Rb8 15. Rfc1 h5 16. Nd4 Nh7 17. Be3 Bf6 18. Qf4 Bg5 19. Qf3 Ne5 20. Qe4 f5 21. Qc2 Bxe3 22. fxe3 h4 23. e4 hxg3 24. hxg3 Qe7 25.
exf5 Qg5 26. e4 Nd3 27. Nce2 Qe3+ 28. Kh1 Nf6 29. Rf1 Kg7 30. Bh3 Rh8 31. Kg2 Qxe4+ 32.
Rf3 Nxd5 33. Qxc4 Ne3+ 0-1

[Event "Late-Titled-Tuesday-Blitz-April-30-2024"]
[Site "Chess.com"]
[Date "2024.04.30"]
[Round "2"]
[White "merinasian"]
[Black "rasmussvane"]
[Result "0-1"]
[WhiteElo "2612"]
[BlackElo "2954"]
[TimeControl "180+1"]
[EndTime "14:17:02 PDT"]
[Termination "rasmussvane won by resignation"]

1. d4 d5 2. Nf3 e6 3. e3 Nf6 4. c4 a6 5. Nbd2 b6 6. Bd3 Bb7 7. O-O Nbd7 8. Qe2 c5 9. b3 cxd4 10. exd4 Be7 11. Bb2 O-O 12. Ne5 dxc4 13. bxc4 Nxe5 14. dxe5 Nd7 15. Ne4 Qc7 16. Ng3 Nc5 17. Bc2 Qc6 18. f3 Rfd8 19. Nh5 Na4 20. Rab1 Nxb2 21. Rxb2 Qc5+ 22. Kh1 Rd4 23. Rfb1 Rad8 24. Qe1 Rxc4 25. Qg3 g6 26. Bb3 Rc1+ 0-1

[Event "Late-Titled-Tuesday-Blitz-April-30-2024"]
[Site "Chess.com"]
[Date "2024.04.30"]
[Round "2"]
[White "anasta10"]
[Black "Anton_Demchenko"]
[Result "0-1"]
[WhiteElo "2595"]
[BlackElo "2929"]
[TimeControl "180+1"]
[EndTime "14:17:02 PDT"]
[Termination "Anton_Demchenko won by resignation"]

1. Nf3 Nf6 2. c4 g6 3. Nc3 Bg7 4. e4 O-O 5. d4 d6 6. Be2 e5 7. d5 a5 8. h3 Na6 9. Be3 Nc5 10. Nd2 Bd7 11. g4 a4 12. Qc2 c6 13. f3 cxd5 14. cxd5 Ne8 15. h4 Nc7 16. h5 b5 17. a3 Rb8 18.
Na2 N7a6 19. hxg6 fxg6 20. Nf1 Nb3 21. Rd1 Bf6 22. Kf2 Bg5 23. Kg2 Bxe3 24. Nxe3 Qg5 25. Nf1 h5 26. Rd3 Nac5 27. Rc3 Nd4 28. Qd1 hxg4 29. fxg4 Nxe2 30. Qxe2 Bxg4 31. Rg3 Bxe2 32. Rxg5 Bf3+ 0-1

[Event "Late-Titled-Tuesday-Blitz-April-30-2024"]
[Site "Chess.com"]
[Date "2024.04.30"]
[Round "2"]
[White "Real_taiatai"]
[Black "Janh4"]
[Result "1/2-1/2"]
[WhiteElo "2474"]
[BlackElo "2202"]
[TimeControl "180+1"]
[EndTime "14:17:03 PDT"]
[Termination "Game drawn by repetition"]

1. d4 d5 2. c4 Nc6 3. cxd5 Qxd5 4. Nf3 e5 5. Nc3 Bb4 6. e3 Bg4 7. Bd2 Bxc3 8. bxc3 e4 9. c4 Qd6 10. h3 Qh6 11.
hxg4 Qxh1 12. Ng5 Nf6 13. Qb3 O-O 14. Qxb7 Nxg4 15. Qxc6 Nh2 16. Ke2 Nxf1 17. Rxf1 Qh5+ 18. Nf3 exf3+ 19. gxf3 Qg6 20. Qa4 Rfb8 21. Bc3 h5 22. Rh1 Rb1 23. Rxb1 Qxb1 24. d5 h4 25. Be5 h3 26.
Qd7 Qc2+ 27. Ke1 Qc1+ 28. Ke2 Qc2+ 29. Ke1 Qc1+ 30. Ke2 Qc2+ 1/2-1/2

[Event "Late-Titled-Tuesday-Blitz-April-30-2024"]
[Site "Chess.com"]
[Date "2024.04.30"]
[Round "2"]
[White "reevecanada"]
[Black "BogdanDeac"]
[Result "0-1"]
[WhiteElo "2631"]
[BlackElo "3066"]
[TimeControl "180+1"]
[EndTime "14:17:05 PDT"]
[Termination "BogdanDeac won by resignation"]

1. e4 c5 2. Nf3 e6 3. b3 a6 4.
Bb2 Nc6 5. d4 cxd4 6. Nxd4 Qc7 7. Nd2 d6 8. Bd3 Bd7 9. Qe2 Nf6 10. O-O-O Nb4 11. Kb1 e5 12. N4f3 Nxd3 13. Qxd3 Rd8 14. h3 Be7 15. g4 h6 16. Rdg1 Bb5 17. c4 Bc6 18. g5 hxg5 19. Nxg5 Nh5 20. Qf3 Nf4 21.
Qg4 Qd7 22. Qf3 f6 23. h4 fxg5 24. hxg5 Rxh1 25. Qxh1 Qe6 26. Bc3 Qh3 27. Ba5 Qxh1 28. Rxh1 Rc8 29. Rh8+ Kd7 30. Rh7 Rg8 31. c5 dxc5 32.
f3 b5 33. a4 Bxg5 34. axb5 axb5 35. b4 c4 36. Kc2 Ne6 37. Nb1 Bh6 38. Nc3 Ng5 0-1

[Event "Late-Titled-Tuesday-Blitz-April-30-2024"]
[Site "Chess.com"]
[Date "2024.04.30"]
[Round "2"]
[White "protectiago"]
[Black "marianokar"]
[Result "0-1"]
[WhiteElo "2040"]
[BlackElo "2447"]
[TimeControl "180+1"]
[EndTime "14:17:06 PDT"]
[Termination "marianokar won on time"]

1. d4 c5 2. d5 e5 3. c4 d6 4. g3 Be7 5. Bg2 Bg5 6. Nf3 Bxc1 7.
Qxc1 Ne7 8. Nc3 O-O 9. e4 h6 10. O-O f5 11. Nd2 f4 12. Rb1 g5 13. b4 cxb4 14.
Rxb4 Na6 15. Rb2 Ng6 16. Nb5 b6 17. f3 h5 18. Nb3 Qe7 19. a4 Bd7 20. a5 Rfc8 21.
Rc2 Nb4 22. Rc3 Na2 23. Qa3 Nxc3 24. Nxc3 fxg3 25. c5 h4 26. c6 gxh2+ 27. Kh1 Be8 28. Bh3 Rd8 29. Nb5 Nf4 30. c7 Bxb5 31. cxd8=Q+ Rxd8 32. Qb4 Bxf1 33. Bxf1 Qc7 34. axb6 Qxb6 35. Qa4 Qf2 0-1

[Event "Late-Titled-Tuesday-Blitz-April-30-2024"]
[Site "Chess.com"]
[Date "2024.04.30"]
[Round "2"]
[White "rhungaski"]
[Black "GMG"]
[Result "1-0"]
[WhiteElo "2570"]
[BlackElo "2795"]
[TimeControl "180+1"]
[EndTime "14:17:07 PDT"]
[Termination "rhungaski won by resignation"]

1. b3 d6 2. Bb2 c5 3. c4 Nc6 4. g3 e5 5. Bg2 g6 6. Nc3 Nge7 7.
e3 Bg7 8. Nge2 O-O 9. d3 Bf5 10.
h3 Qd7 11. a3 Rab8 12. Nd5 Nxd5 13. cxd5 Ne7 14. e4 b5 15. exf5 Nxf5 16. O-O b4 17. a4 h5 18. h4 Nh6 19. Qd2 f5 20. f4 Nf7 21. Kh2 Rfe8 22. Rae1 Re7 23. Ng1 Rbe8 24.
Nf3 Nh6 25. Bh3 Nf7 26. Ba1 exf4 27. gxf4 Bxa1 28. Rxe7 Rxe7 29. Rxa1 Qe8 30. Re1 a5 31. Kg3 Nd8 32. Rxe7 Qxe7 33. Ng5 Qf6 34. Qe2 Kf8 35. Nh7+ 1-0

[Event "Late-Titled-Tuesday-Blitz-April-30-2024"]
[Site "Chess.com"]
[Date "2024.04.30"]
[Round "2"]
[White "KebabJangles"]
[Black "SaqoChess_Twitch"]
[Result "0-1"]
[WhiteElo "2315"]
[BlackElo "2682"]
[TimeControl "180+1"]
[EndTime "14:17:07 PDT"]
[Termination "SaqoChess_Twitch won by resignation"]

1. d4 d5 2. c4 e6 3. g3 Nf6 4. Nf3 Be7 5. Bg2 O-O 6. O-O dxc4 7. Qc2 a6 8. a4 c5 9. dxc5 Bxc5 10. Qxc4 Nbd7 11.
b4 b5 12. Qh4 Be7 13. axb5 Nd5 14. Bg5 Bxg5 15. Nxg5 h6 16. Nf3 Nxb4 17. Qxb4 a5 18. Qb2 Rb8 19. Nc3 Bb7 20. Rfd1 Qc7 21. Rac1 Rfd8 22.
Nd5 Qd6 23. Nf6+ Nxf6 24. Rxd6 Rxd6 25. Qa3 Rb6 26. Qxa5 Bxf3 27. Bxf3 Rxb5 28. Qd2 g5 29. h3 Kg7 30. Qd4 Rb4 31. Qa1 R8b5 32. Kg2 h5 33. Bxh5 e5 34. Bf3 e4 35. Bg4 e3 36.
fxe3 Rb2 37. Rc6 Nd5 38. Qc1 Rb1 39. Qd2 Rd1 40. Qa2 Nxe3+ 41. Kf2 Re5 0-1

[Event "Late-Titled-Tuesday-Blitz-April-30-2024"]
[Site "Chess.com"]
[Date "2024.04.30"]
[Round "2"]
[White "trriinu"]
[Black "Payyappat"]
[Result "0-1"]
[WhiteElo "2250"]
[BlackElo "2504"]
[TimeControl "180+1"]
[EndTime "14:17:07 PDT"]
[Termination "Payyappat won by resignation"]

1. e4 c6 2. Nc3 d5 3. Nf3 dxe4 4.
Nxe4 Nf6 5. Qe2 Nxe4 6. Qxe4 Nd7 7. Bc4 Nf6 8. Ne5 e6 9. Qe2 b5 10. Bd3 Qc7 11. b3 a6 12. Bb2 Bd6 13. O-O Bb7 14. a4 O-O-O 15. axb5 cxb5 16. Ra2 Nd5 17. Rfa1 Nb4 18.
Ra5 Nxd3 19. Nxd3 Bxh2+ 20. Kh1 Rd5 21. Nb4 Rg5 22. f3 Rh5 23. Nxa6 Be5+ 24. Kg1 Qb6+ 25. d4 Bxd4+ 26. Bxd4 Qxd4+ 27. Qf2 Rh1+ 28. Kxh1 Qxf2 29. Rxb5 Qh4+ 30. Kg1 Qd4+ 31. Kh2 Qxa1 32. Rc5+ Kd8 0-1

[Event "Late-Titled-Tuesday-Blitz-April-30-2024"]
[Site "Chess.com"]
[Date "2024.04.30"]
[Round "2"]
[White "Agustin_Meza"]
[Black "IamSchrodingersCat"]
[Result "0-1"]
[WhiteElo "2138"]
[BlackElo "2667"]
[TimeControl "180+1"]
[EndTime "14:17:09 PDT"]
[Termination "IamSchrodingersCat won by resignation"]

1. e4 c5 2. Nf3 d6 3. d4 cxd4 4.
Nxd4 Nf6 5. Nc3 g6 6. Bc4 Bg7 7.
Bb3 O-O 8. h3 Nc6 9. Be3 Bd7 10.
O-O Rc8 11. a3 Na5 12. Ba2 Rxc3 13. bxc3 Nxe4 14. Bd2 Qc7 15. Ne2 Bb5 16. Rb1 Ba6 17. Bd5 Nxd2 18. Qxd2 e6 19. Bf3 Nc4 20. Qc1 d5 21.
Nd4 Ne5 22. Re1 Qxc3 23. Qf4 Qxd4 24. Qxd4 Nxf3+ 25. gxf3 Bxd4 26. c3 Bxc3 27. Rec1 Be5 28. Kg2 b6 29. a4 Bc4 30. a5 bxa5 31. Rb7 Ra8 32. Rcb1 a4 33. f4 Bxf4 34. Ra1 d4 35. Rxa4 Bd5+ 36. f3 Bxb7 37. Rxd4 e5 38. Rxf4 exf4 0-1

[Event "Late-Titled-Tuesday-Blitz-April-30-2024"]
[Site "Chess.com"]
[Date "2024.04.30"]
[Round "2"]
[White "FMalexhdez"]
[Black "Moltini"]
[Result "0-1"]
[WhiteElo "2221"]
[BlackElo "2501"]
[TimeControl "180+1"]
[EndTime "14:17:10 PDT"]
[Termination "Moltini won on time"]

1. e4 c5 2. Nf3 d6 3. d4 cxd4 4.
Nxd4 Nf6 5. Nc3 a6 6. h3 e5 7. Nde2 Be7 8. g4 Be6 9. Bg2 O-O 10. Ng3 Re8 11. g5 Nfd7 12. h4 Nc6 13. Nf5 Bf8 14. Nxd6 Bxd6 15. Qxd6 Nb6 16. Qxd8 Raxd8 17. Be3 Nc4 18.
O-O Nxb2 19. Rab1 Nc4 20. Rxb7 Nxe3 21. fxe3 Rd2 22. Rf2 Red8 23. Nd5 Rd1+ 24. Rf1 Rd2 25. Rf2 Rd1+ 26. Kh2 Na5 27. Ra7 Nc4 28. Rxa6 Bxd5 29. exd5 Nxe3 30. Re2 Nxd5 31. Rxe5 Nf4 32. Kg3 Nxg2 33.
Kxg2 R1d2+ 34. Kf3 Rxc2 35. a4 Rc4 36. Re4 Rc1 37. Rb6 g6 38. Rb3 Ra1 39. Rbe3 Rdd1 40. Re8+ Kg7 41. Rb8 Rf1+ 42. Kg2 Rg1+ 43. Kf2 Raf1+ 44.
Ke2 Re1+ 45. Kf2 Rxe3 46. Kxe3 Rg4 47. a5 Rxh4 48. a6 Ra4 49. Rb6 h6 50. gxh6+ Kxh6 51. Kd3 f5 52. Kc3 f4 53. Kb3 Ra1 54. Rf6 Kg5 55.
Rb6 f3 0-1

[Event "Late-Titled-Tuesday-Blitz-April-30-2024"]
[Site "Chess.com"]
[Date "2024.04.30"]
[Round "2"]
[White "Krlence"]
[Black "klercaku"]
[Result "1-0"]
[WhiteElo "2504"]
[BlackElo "2256"]
[TimeControl "180+1"]
[EndTime "14:17:14 PDT"]
[Termination "Krlence won by resignation"]

1. e4 e5 2. Bc4 Nc6 3. d3 Nf6 4. Ne2 Be7 5. O-O O-O 6. h3 d5 7. exd5 Nxd5 8. Nbc3 Nb6 9. Bb3 Na5 10. Ng3 Nxb3 11.
axb3 f5 12. f4 Bd6 13. Qf3 g6 14. fxe5 Bxe5 15. Re1 Qd6 16. Nf1 Bd7 17. Qf2 Bc6 18. Be3 f4 19. Bc5 Qf6 20. Nd2 Rfe8 21. Nf3 Bxc3 22.
bxc3 Qf5 23. b4 Nd5 24. c4 Ne3 25. Bxe3 fxe3 26. Rxe3 Rxe3 27. Qxe3 Re8 28. Qf2 Bxf3 29. Qxf3 Qe5 30. Rf1 Qd4+ 31. Kh1 Qd7 32. Qxb7 Re2 33. Qf3 Re8 34. b5 Qe7 35. Qd5+ Kh8 36. Rf7 Qe1+ 37. Kh2 Qe5+ 38. Qxe5+ Rxe5 39. Rxc7 Re2 40. Rxa7 Rxc2 41. b6 Rb2 42. c5 Kg8 43. b7 Kg7 44. b8=Q+ Kh6 45. Qxb2 g5 46. Ra6+ 1-0

[Event "Late-Titled-Tuesday-Blitz-April-30-2024"]
[Site "Chess.com"]
[Date "2024.04.30"]
[Round "2"]
[White "DishonorOnYourCow"]
[Black "DeTimmerman"]
[Result "0-1"]
[WhiteElo "2544"]
[BlackElo "2782"]
[TimeControl "180+1"]
[EndTime "14:17:15 PDT"]
[Termination "DeTimmerman won by checkmate"]

1. d4 Nf6 2. c4 e6 3. Nf3 d5 4.
Nc3 dxc4 5. e4 b5 6. e5 Nd5 7. Nxb5 Nb6 8. Be2 Nc6 9. O-O Be7 10. Be3 O-O 11. Nc3 Ba6 12. b3 Qc8 13. Nd2 Rd8 14. Nxc4 Nxc4 15. bxc4 Nxe5 16. Qa4 Nd7 17. Rab1 Nb6 18.
Qb3 c5 19. dxc5 Bxc5 20. Bxc5 Qxc5 21. Nb5 Rd2 22. Bf3 Rf8 23. Rbc1 Nxc4 24. a4 Na5 25. Rxc5 Nxb3 26. Rc7 Nd4 27. Nxd4 Bxf1 28. Kxf1 Rxd4 29. Rxa7 Rb8 30. g3 g5 31. Bc6 Rd2 32. Bb5 Rc8 33.
Ke1 Ra2 34. Kf1 Rcc2 35. Kg2 Rxf2+ 36. Kh3 h5 37. g4 Rf3# 0-1

[Event "Late-Titled-Tuesday-Blitz-April-30-2024"]
[Site "Chess.com"]
[Date "2024.04.30"]
[Round "2"]
[White "penguingm1"]
[Black "Mikayel99"]
[Result "1-0"]
[WhiteElo "2857"]
[BlackElo "2573"]
[TimeControl "180+1"]
[EndTime "14:17:18 PDT"]
[Termination "penguingm1 won by resignation"]

1. d4 Nf6 2. c4 e6 3. Nc3 d5 4.
cxd5 exd5 5. Bg5 c6 6. e3 h6 7. Bh4 Be7 8. Bd3 O-O 9. Qc2 a5 10.
Nge2 Re8 11. O-O Nbd7 12. f3 c5 13. Rad1 c4 14. Bf5 Nf8 15. Bxc8 Rxc8 16. e4 dxe4 17. Bxf6 exf3 18. Bxe7 Qxe7 19. Rxf3 Ng6 20. Ng3 Nh4 21.
Rf2 Rcd8 22. Nf5 Nxf5 23. Qxf5 f6 24. h3 Qe3 25. d5 Re5 26. Qf4 Qc5 27. Qd4 Re1+ 28.
Rf1 Rxf1+ 29. Kxf1 Qb4 30. Ne4 Qb5 31. Nf2 c3+ 32. Kg1 c2 33. Rc1 Rxd5 34. Qe4 Qc5 35. Qxc2 Qd6 36. Rd1 Rxd1+ 37. Qxd1 Qb6 38. Qd2 a4 39.
Kh1 Qc6 40. Ng4 Qe6 41. a3 h5 42.
Ne3 h4 43. Qf2 Qd6 44. Nf5 Qd1+ 45. Kh2 Qd3 46. Nxh4 Qd6+ 47. Qg3 Qd2 48. Nf5 g5 49. Qc7 Kf8 50. Qe7+ 1-0

[Event "Late-Titled-Tuesday-Blitz-April-30-2024"]
[Site "Chess.com"]
[Date "2024.04.30"]
[Round "2"]
[White "HansOnTwitch"]
[Black "Crazy_girl99"]
[Result "1-0"]
[WhiteElo "3207"]
[BlackElo "2658"]
[TimeControl "180+1"]
[EndTime "14:17:19 PDT"]
[Termination "HansOnTwitch won on time"]

1. e4 e5 2. Nf3 Nc6 3. Bc4 Bc5 4. d3 Nf6 5. O-O d6 6. c3 a6 7. Nbd2 Ba7 8. Re1 O-O 9. Nf1 Na5 10. Bb3 Nxb3 11. axb3 h6 12. h3 Be6 13. Ng3 c6 14. d4 Qc7 15. Be3 Rad8 16. Qc1 exd4 17. Bxh6 gxh6 18.
Qxh6 Nh7 19. Ng5 Nxg5 20. Qxg5+ Kh7 21. Qh4+ Kg6 22. f4 dxc3+ 23. Kh2 f5 24. exf5+ Bxf5 25. Qg5+ Kh7 26. Re7+ Qxe7 27. Qxe7+ Kg8 28. Qg5+ Kh8 29.
Nxf5 Rd7 30. bxc3 Rdf7 31. Qh6+ Kg8 32. Qg6+ Kh8 33. g4 d5 34. Re1 Bb8 35. Qh6+ Kg8 36. Re6 1-0

[Event "Late-Titled-Tuesday-Blitz-April-30-2024"]
[Site "Chess.com"]
[Date "2024.04.30"]
[Round "2"]
[White "Sinquefield"]
[Black "cristiano78"]
[Result "0-1"]
[WhiteElo "2493"]
[BlackElo "2295"]
[TimeControl "180+1"]
[EndTime "14:17:19 PDT"]
[Termination "cristiano78 won by checkmate"]

1. Nf3 Nf6 2. d4 g6 3. Bg5 Bg7 4. Nbd2 d6 5. e3 b6 6. Bc4 O-O 7. O-O Bb7 8. c3 Nbd7 9. b4 c5 10. Re1 Qc7 11. Qb3 e5 12. dxe5 Nxe5 13. Be2 d5 14.
Bf4 Nxf3+ 15. Bxf3 Qe7 16. bxc5 bxc5 17. c4 Rfd8 18. Rab1 Bc6 19. cxd5 Bxd5 20. Rec1 Bxf3 21. Nxf3 Nd5 22. Bg3 Nb6 23. Qb5 Rac8 24. a4 Bf8 25.
a5 Nd5 26. h3 h6 27. Be5 Bg7 28. Bg3 Nc3 29. Rxc3 Bxc3 30. a6 Bf6 31. Qc4 Rc6 32.
Rb7 Qe6 33. Qxe6 Rxe6 34. Rxa7 Rc8 35. Rb7 Rxa6 36. Be5 Bxe5 37. Nxe5 c4 38. Nxf7 c3 39. Nxh6+ Kf8 40. Rh7 Rc4 41. g4 c2 42. g5 c1=Q+ 43.
Kg2 Ra1 44. Rh8+ Ke7 45. Ng8+ Kd6 46. Nf6 Qh1+ 47. Kg3 Rg1# 0-1